cohdb
Replays
Latest Replays
All Replays
Popular Replays
Top Player Replays
Match Explorer
How It Works
Community
CoH3 Stats
Reddit
Sign in to upload your games and track your stats! →
Sign in with Steam
Match 41850651
Unlisted
Match 41850651
Overview
Messages
Build Orders
End
Kradschützen Motorcycle Team
Panzergrenadier Squad
Selects Armored Support Battlegroup
Panzergrenadier Squad
Panzergrenadier Squad
Construct Light Support Kompanie
Selects Veteran Gunners
2.5-tonne Medical Truck
Assault Mechanized Group
Panzerpioneer Squad
Fire Support Elements
Flakvierling Half-track
Selects Salvage Kits
Veteran Squad Leaders
Vehicle Survival Package
Selects Panzer Storm
Panzerjäger Mechanized Group
Combat Half-tracks
Pak 38 Mechanized Group
bolihaimian
只愛❤毛妹
0
0
Comments
sign in to comment!
No comments posted yet!